 Dungeon Crawl Stone Soup version 0.19-a0-958-gd69d43c (webtiles) character file.

50047 4thArraOfDagon the Severer (level 14, -13/198 HPs)
             Began as a Hill Orc Monk on July 11, 2016.
             Was a High Priest of Makhleb.
             Shot with an arrow by a deep elf master archer (22 damage)
             ... on level 3 of the Elven Halls.
             The game lasted 00:45:59 (8114 turns).

4thArraOfDagon the Severer (Hill Orc Monk)          Turns: 8114, Time: 00:46:00

Health: -13/198    AC: 27    Str: 19    XL:     14   Next: 53%
Magic:  22/22      EV:  2    Int: 14    God:    Makhleb [*****.]
Gold:   534        SH:  0    Dex: 13    Spells: 3 memorised, 4 levels left

rFire  . . .     SeeInvis .     r - +7 broad axe (elec)
rCold  + . .     Gourm    .     (armour currently unavailable)
rNeg   + + +     Faith    .     (no shield)
rPois  +         Spirit   .     (helmet currently unavailable)
rElec  .         Dismiss  .     (cloak currently unavailable)
rCorr  .         Reflect  .     (gloves currently unavailable)
SustAt .         Harm     .     (boots currently unavailable)
MR     +....     NoTele   +     (no amulet)
Stlth  ++........               D - +4 ring of strength
                                A - ring of protection from cold

@: tree-form, somewhat resistant to hostile enchantments, unstealthy
A: (deformed body)
a: Minor Destruction, Lesser Servant of Makhleb, Major Destruction, Greater
Servant of Makhleb, Renounce Religion


You were on level 3 of the Elven Halls.
You worshipped Makhleb.
Makhleb was extremely pleased with you.
You were not hungry.
You were a tree.
You visited 3 branches of the dungeon, and saw 20 of its levels.
You also visited: Labyrinth and Bailey.

You collected 2116 gold pieces.
You spent 1582 gold pieces at shops.

Inventory:

Hand Weapons
 r - a +7 broad axe of electrocution (weapon)
 B - a +0 hand axe of freezing
 C - a +0 hand axe of flaming
Missiles
 k - 7 javelins (quivered)
 y - 2 throwing nets
 O - 5 javelins of returning
Armour
 a - the +7 scale mail of Dyspraxia (melded) {rF- MR+++ Int+3}
   (You bought it in a shop on level 2 of the Orcish Mines)

   It affects your intelligence (+3).
   It makes you vulnerable to fire.
   It affects your resistance to hostile enchantments.
 l - a +0 pair of gloves (melded)
 v - a +0 plate armour
 M - the +0 ring mail of the Barnacle {MR+ MP+9}
   (You found it on level 3 of the Elven Halls)

   It affects your resistance to hostile enchantments.
   It affects your magic capacity (+9).
 P - a +0 troll leather armour
 S - a +0 swamp dragon armour
 T - a +0 cloak (melded)
 W - the +1 plate armour "Pepn" {MR+ Str+3 Int+3}
   (You bought it in a shop on level 2 of the Orcish Mines)

   It affects your strength (+3).
   It affects your intelligence (+3).
   It affects your resistance to hostile enchantments.
 X - the +1 pair of boots of Free Expression (melded) {rCorr}
   (You bought it in a shop on level 2 of the Orcish Mines)

   It protects you from acid and corrosion.
Jewellery
 h - an uncursed ring of see invisible
 A - a ring of protection from cold (left branch)
 D - a +4 ring of strength (right branch)
 K - an uncursed ring of protection from fire
 N - an uncursed ring of teleportation
 Q - a +2 ring of intelligence
 U - an uncursed ring of fire
Wands
 b - a wand of confusion (20/48)
 f - a wand of hasting (0/9)
 n - a wand of random effects (30/48)
 u - a wand of disintegration (9/24)
 E - a wand of lightning (6/15)
 F - a wand of disintegration (0/24)
 H - a wand of teleportation (6/9)
Scrolls
 d - a scroll of immolation
 i - 6 scrolls of blinking
 m - 5 scrolls of remove curse
 q - 3 scrolls of noise
 s - a scroll of teleportation
 w - a scroll of holy word
 x - a scroll of vulnerability
 I - a scroll of fog
 L - 2 scrolls of enchant armour
 R - a scroll of magic mapping
 Z - a scroll of recharging
Potions
 j - 2 potions of flight {unknown}
 o - a potion of resistance
 p - a potion of curing
 z - a potion of invisibility {unknown}
 G - a potion of magic {unknown}
 J - a potion of mutation {unknown}
 Y - a potion of berserk rage
Miscellaneous
 V - a phantom mirror
Comestibles
 c - 5 bread rations
 g - 8 meat rations


   Skills:
 + Level 14.0 Fighting
 * Level 20.1 Axes
 + Level 12.8 Armour
 - Level 2.4 Dodging
 - Level 1.5 Stealth
 - Level 11.4 Invocations


You had 4 spell levels left.
You knew the following spells:

 Your Spells              Type           Power        Failure   Level  Hunger
a - Blink                 Tloc           N/A          43%         2    ###....
b - Repel Missiles        Chrm/Air       #.....       43%         2    ###....
c - Silence               Hex/Air        #.........   100%        5    ######.


Dungeon Overview and Level Annotations

Branches:
Dungeon (15/15)            Temple (0/1) D:6            Lair (0/6) D:9
    Orc (2/2) D:9             Elf (3/3) Orc:2
 Vaults: D:13-14     Depths: D:15

Altars:
Ashenzari
Gozag
Makhleb
Nemelex Xobeh
Trog
Uskayaw
Yredelemnul
The Shining One
Beogh

Shops:
Orc:2 }*[*   Elf:3 *

Annotations:
D:6 Dowan, Duvessa


Innate Abilities, Weirdness & Mutations

((Armour fits poorly on your strangely shaped body.))


Message History

Unknown command.
You hit the deep elf master archer.
The deep elf master archer is moderately wounded.
Your ynoxinul gestures.
The deep elf master archer shoots an arrow.
The arrow hits you but does no damage.
Unknown command.
Unknown command.
You feel better.
The deep elf master archer shoots an arrow.
The arrow hits you!
* * * LOW HITPOINT WARNING * * *
Unknown command.
Unknown command.
Unknown command.
You miss the deep elf master archer.
The deep elf master archer is moderately wounded.
The deep elf master archer shoots an arrow.
The arrow hits you!!
You die...

#.,#...#.##.##.#.#...#.
#..+...+..#.##......###
#..#...#..#.######...#.
#..##+##.e.......#.#..#
******#........######..#.....
#,,,,,......##.# #..###...
#.****#####.##.# #..* ####
####.#### ####(##.# #..*##.##
#..,....# #(..(♣e.#
**#..##e### #.##+##.#
#..535..# *,,,,#e####
*,#...#.###.....^.#
*,*#.##..).
*,+...'..##.......#
*,*#.......
#,#...#.....).....#
*,*###.....
#.##4###.##......##
*****######
#......##.#......# **,** *#.
###.##.#<#####...#
**,,,***#.. #.##.######....#
**,,,,,*#...


You could see a deep elf master archer, a friendly ynoxinul and 2 friendly
ufetubi.

Vanquished Creatures
  A deep elf sorcerer (Elf:3)
  2 deep elf elementalists
  3 deep elf demonologists (Elf:3)
  2 deep elf annihilators
  2 deep elf death magi (Elf:3)
  3 centaur warriors
  2 hydras
  An ogre mage (D:13)
  A tengu warrior (D:15)
  3 dancing weapons
  3 orc high priests (Orc:2)
  2 deep elf knights
  2 unseen horrors
  A hill giant (D:11)
  18 deep elf magi
  A lindwurm (shapeshifter) (Elf:1)
  A deep elf archer (Elf:3)
  6 orc knights
  A manticore (D:11)
  4 orc sorcerers
  2 cyclopes
  3 centaur zombies (D:13)
  A harpy zombie (D:15)
  3 trolls
  Grinder (D:6)
  Prince Ribbit (D:9)
  3 two-headed ogres (D:13)
  A water elemental (Elf:3)
  2 redbacks (Lab)
  A wraith (D:11)
  4 wyverns
  17 yaks
  A fire elemental (Elf:3)
  A steam dragon (D:10)
  4 hippogriffs
  A warg (Orc:1)
  2 mottled dragons
  A water moccasin (D:6)
  17 orc warriors
  A phantom (D:10)
  A wasp (D:13)
  5 ogres
  3 centaurs
  Blork the orc (D:5)
  10 giant frogs
  3 big kobolds
  An earth elemental (Elf:1)
  A scorpion (D:13)
  A water moccasin skeleton (D:5)
  4 wights (D:13)
  4 howler monkeys
  8 crimson imps
  A wasp zombie (D:6)
  2 jellies
  4 lava snakes (Lab)
  9 orc priests
  A giant frog skeleton (D:7)
  5 hounds
  A centaur skeleton (D:5)
  An iguana (D:9)
  18 orc wizards
  9 worker ants
  A sheep (D:10)
  2 hound zombies
  7 gnolls
  7 adders
  3 adder skeletons
  A dart slug (D:1)
  3 giant geckos
  40 orcs
  2 ball pythons (D:3)
  A bat (D:3)
  A giant cockroach (D:2)
  2 hobgoblins
  2 jackals (D:2)
  A quokka (D:3)
  5 giant newts
  10 goblins
  15 kobolds
  A quokka zombie (D:10)
323 creatures vanquished.

Vanquished Creatures (collateral kills)
  A deep elf blademaster (Elf:3)
  Aizul (Elf:2)
  A minotaur (Lab)
  3 dancing weapons
  A deep elf archer (Elf:2)
  A cyclops (D:15)
  2 orc warriors (Bailey)
  A big kobold (D:10)
  An orc wizard (D:10)
  A worker ant (D:11)
  A sheep (D:10)
  The ghost of 4thArraOfDagon the Shield-Bearer, a weakling FoFi (D:10)
  A shadow imp (D:11)
  An orc (D:10)
  A goblin (Bailey)
  A hobgoblin (Bailey)
  7 kobolds (Bailey)
26 creatures vanquished.

Grand Total: 349 creatures vanquished

Notes
Turn   | Place    | Note
-------+----------+-------------------------------------------
     0 | D:1      | 4thArraOfDagon the Hill Orc Monk began the quest for the Orb.
     0 | D:1      | Reached XP level 1. HP: 19/19 MP: 1/1
    70 | D:2      | Reached XP level 2. HP: 21/27 MP: 2/2
   187 | D:5      | Entered Level 5 of the Dungeon
   187 | D:5      | Noticed a centaur
   187 | D:5      | Noticed a phantom
   312 | D:4      | Found a burning altar of Makhleb.
   319 | D:4      | Became a worshipper of Makhleb the Destroyer
   319 | D:4      | Reached * piety under Makhleb
   319 | D:4      | Reached ** piety under Makhleb
   360 | D:4      | Reached skill level 5 in Axes
   360 | D:4      | Reached skill level 1 in Armour
   360 | D:4      | Reached XP level 3. HP: 8/33 MP: 3/3
   393 | D:4      | Noticed a scorpion
   463 | D:3      | Found a shattered altar of Ashenzari.
   525 | D:3      | Found a faded altar of an unknown god.
   709 | D:3      | Reached XP level 4. HP: 40/40 MP: 4/4
   906 | D:5      | Noticed a phantom
   940 | D:6      | Noticed a giant frog
   940 | D:6      | Noticed a centaur
   946 | D:6      | Reached skill level 11 in Axes
   946 | D:6      | Reached XP level 5. HP: 27/53 MP: 5/5
   956 | D:6      | Reached XP level 6. HP: 11/61 MP: 6/6
   985 | D:6      | Noticed Duvessa
   999 | D:6      | Noticed Dowan
  1139 | D:5      | Reached XP level 7. HP: 65/69 MP: 7/7
  1150 | D:5      | Reached skill level 12 in Axes
  1192 | D:5      | Found a basalt altar of Yredelemnul.
  1202 | D:6      | Noticed Blork the orc
  1248 | D:5      | Killed Blork the orc
  1304 | D:6      | Noticed Grinder
  1318 | D:6      | Paralysed by Grinder for 5 turns
  1341 | D:6      | Paralysed by Grinder for 6 turns
  1357 | D:6      | Killed Grinder
  1357 | D:6      | Reached XP level 8. HP: 41/77 MP: 8/8
  1398 | D:6      | Learned a level 2 spell: Blink
  1401 | D:6      | Learned a level 2 spell: Repel Missiles
  1411 | D:6      | Found a staircase to the Ecumenical Temple.
  1487 | D:7      | Found a sparkling altar of Nemelex Xobeh.
  1520 | D:7      | Noticed a dagger
  1520 | D:7      | Noticed a hand axe
  1521 | D:7      | Found a hide-covered altar of Uskayaw.
  1695 | D:8      | Reached *** piety under Makhleb
  1705 | D:8      | Found a bloodstained altar of Trog.
  1851 | D:9      | Reached skill level 1 in Invocations
  1869 | D:9      | Noticed Prince Ribbit
  1890 | D:9      | Killed Prince Ribbit
  1930 | D:9      | Found a staircase to the Orcish Mines.
  1987 | D:9      | Reached skill level 13 in Axes
  2164 | D:8      | Reached XP level 9. HP: 83/83 MP: 11/11
  2272 | D:9      | Got an encrusted spear
  2273 | D:9      | Identified the cursed +1 spear of Contradiction {venom, Fragile rC+ Str+3} (You found it on level 9 of the Dungeon)
  2279 | D:10     | Entered Level 10 of the Dungeon
  2436 | D:10     | Found a glowing golden altar of the Shining One.
  2520 | D:10     | Reached **** piety under Makhleb
  2667 | D:10     | Noticed 4thArraOfDagon's ghost (weakling FoFi)
  2703 | D:10     | Killed 4thArraOfDagon's ghost
  2869 | D:10     | Noticed a two-headed hydra
  2873 | D:10     | Killed a one-headed hydra
  2873 | D:10     | Reached skill level 5 in Invocations
  2873 | D:10     | Reached XP level 10. HP: 93/93 MP: 13/13
  2882 | D:10     | Reached skill level 14 in Axes
  2966 | D:11     | Found a flagged portal.
  2976 | Bailey   | Entered a bailey
  3070 | Bailey   | Reached skill level 10 in Fighting
  3223 | D:11     | Reached ***** piety under Makhleb
  3232 | D:11     | Noticed a manticore
  3241 | D:11     | Killed a manticore
  3444 | D:11     | Noticed a hill giant
  3456 | D:11     | Killed a hill giant
  3667 | D:12     | Reached XP level 11. HP: 101/101 MP: 15/15
  3744 | D:12     | Noticed a deep elf mage
  3747 | D:12     | Killed a deep elf mage
  3747 | D:12     | Reached skill level 15 in Axes
  3834 | D:12     | Killed an unseen horror
  3879 | D:12     | Noticed a cyclops
  3892 | D:12     | Killed a cyclops
  3983 | D:13     | Noticed a deep elf mage
  3997 | D:13     | Killed a deep elf mage
  4006 | D:13     | Noticed a catoblepas
  4018 | D:13     | Noticed a centaur warrior
  4028 | D:13     | Killed a centaur warrior
  4149 | D:13     | Noticed an ogre mage
  4169 | D:13     | Killed an ogre mage
  4223 | D:13     | Reached skill level 16 in Axes
  4223 | D:13     | Reached skill level 10 in Armour
  4334 | D:14     | You fall through a shaft!
  4334 | D:15     | Entered Level 15 of the Dungeon
  4334 | D:15     | Noticed a tengu warrior
  4341 | D:15     | Killed a tengu warrior
  4344 | D:15     | Noticed a cyclops
  4353 | D:15     | Killed a cyclops
  4458 | D:14     | Found a labyrinth entrance.
  4464 | D:14     | Reached XP level 12. HP: 92/110 MP: 18/18
  4470 | Lab      | Entered a labyrinth
  4658 | Lab      | Noticed a minotaur
  4675 | Lab      | Killed a minotaur
  4691 | Lab      | Identified Gophuits's Incunabulum of Malediction (You found it in a labyrinth)
  4697 | Lab      | Learned a level 5 spell: Silence
  4699 | Lab      | Identified the Tome of Warped Companions (You found it in a labyrinth)
  4793 | D:14     | Noticed a four-headed hydra
  4795 | D:14     | Noticed a centaur warrior
  4809 | D:14     | Killed a one-headed hydra
  4825 | D:14     | Killed a centaur warrior
  4881 | D:14     | Noticed a catoblepas
  4953 | D:14     | Noticed an eight-headed hydra
  4962 | D:15     | Noticed a centaur warrior
  4968 | D:15     | Killed a centaur warrior
  5114 | D:14     | Found an opulent altar of Gozag.
  5167 | D:13     | Noticed an eight-headed hydra
  5226 | D:13     | Reached skill level 17 in Axes
  5532 | Orc:1    | Entered Level 1 of the Orcish Mines
  5533 | Orc:1    | Noticed a green death
  5715 | Orc:1    | Reached skill level 10 in Invocations
  5860 | Orc:2    | Entered Level 2 of the Orcish Mines
  6030 | Orc:2    | Reached ****** piety under Makhleb
  6050 | Orc:2    | Reached XP level 13. HP: 88/119 MP: 20/20
  6235 | Orc:2    | Found a staircase to the Elven Halls.
  6279 | Orc:2    | Found a roughly hewn altar of Beogh.
  6373 | Orc:2    | Reached skill level 18 in Axes
  6425 | Orc:2    | Found Soanuh's Gadget Boutique.
  6425 | Orc:2    | Found Diddai's Assorted Antiques.
  6427 | Orc:2    | Found Saenuanku's Antique Armour Boutique.
  6427 | Orc:2    | Found Teusuet's General Store.
  6435 | Orc:2    | Bought a heavily runed plate armour for 616 gold pieces
  6438 | Orc:2    | Bought a pair of brightly glowing boots for 256 gold pieces
  6438 | Orc:2    | Bought a scroll labeled CUR NITAUWE for 27 gold pieces
  6438 | Orc:2    | Bought a viscous dark potion for 24 gold pieces
  6443 | Orc:2    | Identified the +1 pair of boots of Free Expression {rCorr} (You bought it in a shop on level 2 of the Orcish Mines)
  6453 | Orc:2    | Identified the +1 plate armour "Pepn" {MR+ Str+3 Int+3} (You bought it in a shop on level 2 of the Orcish Mines)
  6455 | Orc:2    | Bought a scroll of recharging for 142 gold pieces
  6456 | Orc:2    | Bought a dazzling scale mail for 198 gold pieces
  6471 | Orc:2    | Identified the +7 scale mail of Dyspraxia {rF- MR+++ Int+3} (You bought it in a shop on level 2 of the Orcish Mines)
  6667 | Elf:1    | Entered Level 1 of the Elven Halls
  6939 | Elf:2    | Noticed Aizul
  6950 | Elf:2    | Killed Aizul
  6957 | Elf:2    | Gained mutation: You have sharp toenails. [mutagenic meat]
  6960 | Elf:2    | Gained mutation: You have a pair of small antennae on your head. [mutagenic meat]
  6963 | Elf:2    | Gained mutation: Armour fits poorly on your strangely shaped body. [mutagenic meat]
  6966 | Elf:2    | Gained mutation: You are somewhat resistant to further mutation. [mutagenic meat]
  7037 | Elf:2    | Lost mutation: You have a pair of small antennae on your head. [potion of cure mutation]
  7037 | Elf:2    | Lost mutation: You are somewhat resistant to further mutation. [potion of cure mutation]
  7037 | Elf:2    | Lost mutation: You have sharp toenails. [potion of cure mutation]
  7052 | Elf:2    | fail
  7108 | Elf:2    | Noticed a deep elf elementalist
  7144 | Elf:2    | Noticed a deep elf annihilator
  7145 | Elf:2    | Noticed a deep elf elementalist
  7155 | Elf:2    | Killed a deep elf elementalist
  7176 | Elf:2    | Killed a deep elf annihilator
  7197 | Elf:3    | Entered Level 3 of the Elven Halls
  7219 | Elf:3    | Got a shimmering ring mail
  7270 | Elf:3    | Reached skill level 19 in Axes
  7368 | Elf:3    | Identified the +0 ring mail of the Barnacle {MR+ MP+9} (You found it on level 3 of the Elven Halls)
  7410 | Elf:3    | Found Selunny's Assorted Antiques.
  7413 | Elf:3    | Bought a potion of lignification for 66 gold pieces
  7413 | Elf:3    | Bought a scroll of enchant weapon for 165 gold pieces
  7413 | Elf:3    | Bought a forked brass wand for 88 gold pieces
  7486 | Elf:3    | Noticed a deep elf demonologist
  7494 | Elf:3    | Killed a deep elf demonologist
  7494 | Elf:3    | Reached XP level 14. HP: 96/129 MP: 22/22
  7495 | Elf:3    | Noticed a deep elf demonologist
  7495 | Elf:3    | Noticed a deep elf sorcerer
  7497 | Elf:3    | Noticed a deep elf annihilator
  7498 | Elf:3    | Noticed a deep elf elementalist
  7509 | Elf:3    | Killed a deep elf sorcerer
  7529 | Elf:3    | Killed a ghostly deep elf sorcerer
  7530 | Elf:3    | Killed a deep elf annihilator
  7544 | Elf:3    | Killed a deep elf demonologist
  7633 | Elf:3    | Noticed a deep elf demonologist
  7648 | Elf:3    | Killed a deep elf demonologist
  7662 | Elf:3    | Killed a deep elf elementalist
  7701 | Elf:3    | Noticed a deep elf sorcerer
  7716 | Elf:3    | Noticed a deep elf blademaster
  7816 | Elf:2    | Reached skill level 20 in Axes
  7968 | Elf:3    | Killed a deep elf blademaster
  8087 | Elf:3    | Noticed a deep elf master archer
  8111 | Elf:3    | HP: 7/198 [deep elf master archer/arrow (12)]
  8114 | Elf:3    | Shot with an arrow by a deep elf master archer

Vault maps used:
D:1:      dpeg_arrival_short_road
D:2:      minmay_rats_cheesy_pizza
D:3:      lemuel_doored_altar, ecumenical_altar_2
D:4:      first_bread, corexii_leaking_fountain, makhleb_heckhound_becter
D:5:      grunt_decor_arrowhead, kb_lookout_dungeons_type,
          yredelemnul_altar_generic
D:6:      uniq_pikel, uniq_blork_the_orc, uniq_duvessa, uniq_grinder
D:7:      dancing_weapons_uskayaw, kennysheep_mini_moat
D:8:      nicolae_overflow_crystal_walls, tgw_sif
D:9:      lair_0_dummy, orc_0_dummy, uniq_prince_ribbit1
D:10:     hangedman_ranch, tso_metal_star
D:11:     enter_bailey_7
D:13:     david_vaults_4
D:14:     lab_entry_generic, glass_columns_b,
          nicolae_gozag_cash_rules_everything_around_me
D:15:     hangedman_depths_entry_try_elsewhere_first, grunt_decor_mini_mirrors,
          minmay_misc_feat_columns
Orc:2:    grunt_orc_tribal_feast, basic_altar
Elf:1:    hangedman_elf_disciples, hangedman_glass_teeth, corner_web_ring
Elf:2:    uniq_aizul, uniq_agnes
Elf:3:    grunt_elf_hall_diamonds, serial_shops, nicolae_shop_window_shopping,
          basic_stair_grate_trap
Lab:      nicolae_lab_dead_adventurers, nicolae_lab_t_cross, nicolae_lab_x,
          lab_block, labyrinth_skeletal_remains, nicolae_lab_quarters,
          nicolae_lab_stuck, nicolae_lab_garden, lab_statue,
          nicolae_lab_diamond, nicolae_lab_big_swirl, nicolae_lab_very_dead_end,
          labyrinth_lava_lair
Bailey:   bailey_axe_1, bailey

Skill      XL: |  1  2  3  4  5  6  7  8  9 10 11 12 13 14 |
---------------+-------------------------------------------+-----
Fighting       | 4 8 9 10 11 12 13 14 | 14.0
Axes           | 5 11 12 13 14 16 17 19 20 | 20.1
Armour         | 1 6 7 8 9 10 11 12 | 12.8
Invocations    | 2 5 6 8 10 11 | 11.4
Dodging        | |  2.4
Stealth        | |  1.5

Action                   |  1- 3 |  4- 6 |  7- 9 | 10-12 | 13-15 || total
-------------------------+-------+-------+-------+-------+-------++-------
Melee: Hand axe          |    93 |    62 |   246 |    74 |       ||   475
       Spear             |       |       |   185 |       |       ||   185
       Broad axe         |       |       |       |   347 |   330 ||   677
Invok: Minor Destruction |     1 |       |       |     8 |       ||     9
       Lesser Servant of |       |       |     2 |    11 |    16 ||    29
       Greater Servant o |       |       |       |     1 |     1 ||     2
Evoke: Wand              |     1 |     1 |     3 |     2 |    11 ||    18
  Use: Potion            |     2 |     4 |     3 |     2 |     6 ||    17
       Scroll            |     1 |     5 |     9 |     6 |     8 ||    29
 Stab: Sleeping          |     2 |       |       |       |       ||     2
       Confused          |       |       |     2 |       |       ||     2
       Distracted        |       |       |     1 |     1 |     2 ||     4
  Eat: Bread ration      |       |     1 |       |       |       ||     1
       Pizza             |       |       |     2 |     1 |     5 ||     8
       Fruit             |       |       |     8 |       |       ||     8
       Beef jerky        |       |       |     1 |       |     1 ||     2
       Chunk             |       |       |       |     1 |     6 ||     7
Armor: Skin              |    19 |       |    55 |       |     9 ||    83
       Robe              |     8 |       |       |       |       ||     8
       Chain mail        |     8 |    33 |    84 |       |       ||   125
       Plate armour      |       |       |   103 |   139 |    21 ||   263
       Swamp dragon armo |       |       |       |    46 |       ||    46
       Scale mail        |       |       |       |       |    81 ||    81
       Troll leather arm |       |       |       |       |     4 ||     4
Dodge: Dodged            |    44 |    11 |    96 |   142 |    69 ||   362
